 Dungeon Crawl Stone Soup version 0.31-a0-844-gdc52ec4e09 (webtiles) character file.

Game seed: 15793910599836624385

55 retardedninja the Firebug (level 3, -2/19 HPs)
             Began as a Gargoyle Fire Elementalist on Sept 29, 2023.
             Slain by Terence
             ... wielding a +0 heavy flail
              (14 damage)
             ... on level 2 of the Dungeon.
             The game lasted 00:01:57 (1728 turns).

retardedninja the Firebug (GrFE)                    Turns: 1728, Time: 00:02:00

Health: -2/19      AC:  6    Str: 11    XL:     3   Next: 93%
Magic:  0/6        EV: 12    Int: 17    God:
Gold:   56         SH:  0    Dex: 10    Spells: 3/6 levels left

rFire   . . .        j - +0 falchion
rCold   . . .        (no shield)
rNeg    + . .        a - +0 robe
rPois   ∞            (no helmet)
rElec   +            (no cloak)
rCorr   .            (no gloves)
SInv    .            f - +0 pair of boots
Will    .....        (no amulet)
Stlth   ++           (no ring)
HPRegen 0.23/turn    (no ring)
MPRegen 0.10/turn

%: no passive effects
@: no status effects
A: sickness immunity, AC +3, negative energy resistance 1, electricity
resistance, torment resistance 1, petrification resistance
a: no special abilities


You were on level 2 of the Dungeon.
You visited 1 branch of the dungeon, and saw 2 of its levels.

You collected 56 gold pieces.

Inventory:

Hand Weapons
 j - a +0 falchion (weapon)
Armour
 a - a +0 robe (worn)
 f - a +0 pair of boots (worn)
Jewellery
 e - an amulet of faith
 n - a ring of positive energy
Scrolls
 c - a scroll of amnesia {unknown}
 d - a scroll of immolation {unknown}
 g - a scroll of fog {unknown}
 i - 2 scrolls of silence {unknown}
 k - a scroll of vulnerability {unknown}
 l - a scroll of identify {unknown}
 m - 2 scrolls of noise {unknown}
Potions
 b - a potion of magic
 h - a potion of attraction {unknown}
 o - 2 potions of might {unknown}
 p - a potion of brilliance {unknown}


   Skills:
 + Level 2.1 Dodging
 + Level 2.8 Stealth
 + Level 2.4 Spellcasting
 + Level 1.9 Conjurations
 + Level 3.4 Fire Magic


You had 3 spell levels left.
You knew the following spells:

 Your Spells              Type           Power      Damage    Failure   Level
a - Foxfire               Conj/Fire      44%        2x1d6     6%          1
b - Scorch                Fire           26%        2d6       7%          2

Your spell library contained the following spells:

 Spells                   Type           Power      Damage    Failure   Level
 Inner Flame              Hex/Fire       7%         N/A       28%         3
 Volatile Blastmotes      Fire/Tloc      14%        2d11      28%         3
 Flame Wave               Conj/Fire      11%        2d6       52%         4


Dungeon Overview and Level Annotations

Branches:
Dungeon (2/15)

Altars:
Sif Muna

Annotations:
D:2 Terence


Innate Abilities, Weirdness & Mutations

You are immune to sickness and miasma.
Your stone body is resilient. (AC +3)
You are immune to poison.
You resist negative energy. (rN+)
You are resistant to electric shocks. (rElec)
You are resistant to unholy torment.
You are immune to petrification.


Message History

Terence is nearby!
Terence is nearby!
Terence is nearby!
You conjure some foxfire!
The foxfire hits Terence.
Terence is lightly wounded.
The foxfire hits Terence.
Terence is lightly wounded.
You conjure some foxfire!
The foxfire hits Terence but does no damage.
Terence is lightly wounded.
A worm comes into view.
You conjure some foxfire!
The foxfire hits Terence but does no damage.
Terence is lightly wounded.
The foxfire hits Terence but does no damage.
Terence is lightly wounded.
The foxfire hits Terence but does no damage.
Terence is lightly wounded.
You conjure some foxfire!
Terence barely misses you.
The foxfire hits Terence.
Terence is moderately wounded.
The foxfire hits Terence.
Terence is heavily wounded.
You conjure some foxfire!
Terence misses you.
The foxfire hits Terence.
Terence is heavily wounded.
The foxfire hits Terence but does no damage.
Terence is heavily wounded.
Terence hits you with a +0 heavy flail!
You are too injured to fight recklessly!
You are too injured to fight recklessly!
Terence closely misses you.
Casting: Foxfire (safe; 6% risk of failure)
Confirm with . or Enter, or press ? or * to list all spells.
Flames lash the worm.
The worm is heavily wounded.
The worm's fire resistance burns away.
Terence hits you with a +0 heavy flail!
Ouch! That really hurt!
You die...

#.# #######
#.#####+###......
#................
#................
#................
#................
#................
########..........###'##
.....w.@..........# #...
.#)...@..#####.##..#####
#.......# #.#####
#.......# #..~~8~~.
#.......# ##..~~~..
#.......# #.....#
.......### ######
....... ## #.


You could see Terence and a worm (combustible).

Vanquished Creatures
  2 adders (D:2)
  A dart slug (D:1)
  5 ball pythons
  2 bats (D:2)
  6 endoplasms
  2 giant cockroaches (D:1)
  3 goblins
  5 hobgoblins
  2 quokkas (D:1)
  A frilled lizard (D:2)
  2 rats
31 creatures vanquished.

Vanquished Creatures (collateral kills)
  3 foxfires (D:1)
3 creatures vanquished.

Vanquished Creatures (others)
  145 foxfires
145 creatures vanquished.

Grand Total: 179 creatures vanquished

Notes
Turn   | Place    | Note
-------+----------+-------------------------------------------
     0 | D:1      | retardedninja the Gargoyle Fire Elementalist began the
                  | quest for the Orb.
     0 | D:1      | Reached XP level 1. HP: 10/10 MP: 3/3
   213 | D:1      | Reached XP level 2. HP: 15/15 MP: 0/5
   671 | D:1      | Learned a level 2 spell: Scorch
   794 | D:1      | Found a faded altar of an unknown god.
  1080 | D:2      | Reached XP level 3. HP: 19/19 MP: 2/6
  1442 | D:2      | Found a shimmering blue altar of Sif Muna.
  1715 | D:2      | Noticed Terence
  1728 | D:2      | Slain by Terence

Illustrated notes

Levels and vault maps discovered:
D:1:      dpeg_arrival_rhombi, layout_rooms,
          shapermc_ecumenical_altar_flowoftime
D:2:      layout_basic, basic_altar, hangedman_decor_peaks_small, moated_statue,
          uniq_crazy_yiuf_cottage, uniq_terence

Skill      XL: |  1  2  3 |
---------------+----------+-----
Dodging        | 2 |  2.1
Stealth        | |  2.8
Spellcasting   | |  2.4
Conjurations   | |  1.9
Fire Magic     | |  3.4

Action                     || total
---------------------------++-------
   Cast: Foxfire           ||    94
         Scorch            ||     1
 Armour: Robe              ||     7
  Dodge: Dodged            ||     5

Table legend: (Time is in decaauts)
 A = Elapsed time spent in this place.
 B = Non-inter-level travel time spent in this place.
 C = Inter-level travel time spent in this place.
 D = Time resting spent in this place.
 E = Time spent auto-exploring this place.
 F = Levels seen in this place.
 G = Mean time per level.
                   A        B        C        D        E       F      G
               +--------+--------+--------+--------+--------+-----+--------+
         Total |   1726 |   1701 |     25 |      0 |   1404 |   2 |  863.0 |
       Dungeon |   1726 |   1701 |     25 |      0 |   1404 |   2 |  863.0 |
               +--------+--------+--------+--------+--------+-----+--------+

Top non-repeatable levels by time:
     D:1: 1029 daAuts
     D:2: 697 daAuts
